 Dungeon Crawl Stone Soup version 0.30.0-18-gc0e69614cb (webtiles) character file.

Game seed: 14274284639106788396

228 booth the Chopper (level 6, -1/50 HPs)
             Began as a Gnoll Reaver on May 25, 2023.
             Succumbed to a scorpion's poison
             ... on level 5 of the Dungeon.
             The game lasted 00:16:34 (2161 turns).

booth the Chopper (Gnoll Reaver)                    Turns: 2161, Time: 00:16:34

Health: -1/50      AC:  6    Str: 13    XL:     6   Next: 2%
Magic:  13/13      EV: 12    Int: 16    God:
Gold:   63         SH:  0    Dex: 10    Spells: 7/15 levels left

rFire   . . .        a - +1 hand axe
rCold   . . .        (no shield)
rNeg    + . .        b - +0 leather armour
rPois   .            c - +1 hat of Histrionic Music {rN+ Regen+ Int+3}
rElec   .            i - +0 cloak
rCorr   .            d - +0 pair of gloves
SInv    .            (no boots)
Will    .....        (no amulet)
Stlth   +            (no ring)
HPRegen 1.08/turn    (no ring)
MPRegen 0.13/turn

%: no passive effects
@: lethally poisoned (-1 -> -11)
A: fangs 1, strong nose, distributed training
a: no special abilities


You were on level 5 of the Dungeon.
You visited 1 branch of the dungeon, and saw 4 of its levels.

You collected 63 gold pieces.

Inventory:

Hand Weapons
 a - a +1 hand axe (weapon)
Missiles
 p - 6 boomerangs (quivered)
 s - 2 javelins
Armour
 b - a +0 leather armour (worn)
 c - the +1 hat of Histrionic Music (worn) {rN+ Regen+ Int+3}
   (You acquired it on level 2 of the Dungeon)

   Int:       It affects your intelligence (+3).
   rN:        It protects you from negative energy.
   Regen:     It increases your rate of health regeneration.
 d - a +0 pair of gloves (worn)
 i - a +0 cloak (worn)
 m - a +1 helmet
Jewellery
 u - a +5 ring of evasion
Scrolls
 g - a scroll of teleportation
 l - a scroll of silence {unknown}
 o - a scroll of identify {unknown}
 q - a scroll of fear {unknown}
 r - 3 scrolls of magic mapping {unknown}
Potions
 e - 2 potions of degeneration {unknown}
 f - a potion of heal wounds
 h - a potion of flight {unknown}
 j - a potion of lignification {unknown}
 k - a potion of brilliance {unknown}
 n - a potion of berserk rage {unknown}
 t - 2 potions of curing


   Skills:
 + Level 4.9 Fighting
 + Level 1.8 Short Blades
 + Level 1.8 Long Blades
 + Level 6.8 Axes
 + Level 1.8 Maces & Flails
 + Level 1.8 Polearms
 + Level 1.8 Staves
 + Level 1.8 Ranged Weapons
 + Level 1.8 Throwing
 + Level 1.8 Armour
 + Level 4.9 Dodging
 + Level 1.8 Stealth
 + Level 1.8 Shields
 + Level 1.8 Unarmed Combat
 + Level 5.3 Spellcasting
 + Level 5.6 Conjurations
 + Level 1.4 Hexes
 + Level 1.4 Summonings
 + Level 1.4 Necromancy
 + Level 1.4 Translocations
 + Level 1.4 Transmutations
 + Level 1.4 Fire Magic
 + Level 1.4 Ice Magic
 + Level 1.4 Air Magic
 + Level 1.4 Earth Magic
 + Level 1.4 Poison Magic
 + Level 2.0 Invocations
 + Level 1.8 Evocations


You had 7 spell levels left.
You knew the following spells:

 Your Spells              Type           Power      Damage    Failure   Level
a - Kiss of Death         Conj/Necr      60%        2d10      4%          1
b - Momentum Strike       Conj/Tloc      30%        3d8       7%          2
c - Hailstorm             Conj/Ice       15%        3d5       13%         3
d - Wereblood             Tmut           8%         N/A       16%         2

Your spell library contained the following spells:

 Spells                   Type           Power      Damage    Failure   Level
 Beastly Appendage        Tmut           16%        N/A       11%         1
 Stone Arrow              Conj/Erth      30%        3d8       13%         3
 Spider Form              Tmut/Pois      8%         N/A       30%         3
 Animate Armour           Summ/Erth      16%        N/A       71%         4
 Lehudib's Crystal Spear  Conj/Erth      7%         10d3      100%        8


Dungeon Overview and Level Annotations

Branches:
Dungeon (3/15)

Altars:
Qazlal


Innate Abilities, Weirdness & Mutations

You have very sharp teeth.
Your uncanny sense of smell can sniff out nearby items.
Your experience applies equally to all skills.


Message History

The scorpion closely misses you.
You see here a +0 flail.
The gnoll shouts!
You hit the orc.
You kill the orc!
You hit the scorpion but do no damage.
You feel sick. The scorpion stings you.
You hit the shadow imp. Your bite misses the shadow imp.
The shadow imp is lightly wounded.
You barely miss the scorpion.
You feel sick. The scorpion stings you.
You are more poisoned.
The scorpion poisons you!
The shadow imp lashes its tail.
The shadow imp barely misses you.
You feel very sick. The scorpion closely misses you.
The shadow imp barely misses you.
You completely miss the scorpion.
You hit the shadow imp but do no damage.
You feel very sick. The scorpion closely misses you.
The shadow imp gestures at you. Pain shoots through your body!
* * * LOW HITPOINT WARNING * * *
The scorpion stings you.
* * * LOW HITPOINT WARNING * * *
You hit the scorpion.
The scorpion is lightly wounded.
You closely miss the shadow imp.
You feel sick. The shadow imp gestures at you.
You are unaffected.
The scorpion stings you but does no damage.
You hit the scorpion.
The scorpion is moderately wounded.
You hit the shadow imp.
You feel sick. The scorpion stings you.
* * * LOW HITPOINT WARNING * * *
You are lethally poisoned!
The scorpion poisons you! The shadow imp barely misses you.
You hit the scorpion.
The scorpion is heavily wounded.
You closely miss the shadow imp.
You die...

### ####.###..
.#..##........#.
...............
....... .....##
....... ...... .....$.
#...# .......##...#
..#.....s@..##...
........5).......
........g###.....
..#.......#..#...
#.#.##....!..#......
.##..............# .
.................###
..#...............#
..#.......##......####


You could see a scorpion, a gnoll and a shadow imp.

Vanquished Creatures
  A black bear (D:5)
  Robin (D:3)
  2 gnolls (D:5)
  2 adders (D:5)
  A dart slug (D:2)
  6 orcs
  7 ball pythons
  6 endoplasms
  2 giant cockroaches
  7 hobgoblins
  3 jackals (D:2)
  2 quokkas
  7 bats
  4 frilled lizards
  18 goblins
  2 kobolds
  2 rats
73 creatures vanquished.

Vanquished Creatures (others)
  A goblin (D:3)
1 creature vanquished.

Grand Total: 74 creatures vanquished

Notes
Turn   | Place    | Note
-------+----------+-------------------------------------------
     0 | D:1      | booth the Gnoll Reaver began the quest for the Orb.
     0 | D:1      | Reached XP level 1. HP: 20/20 MP: 6/6
   140 | D:1      | Reached XP level 2. HP: 20/26 MP: 7/7
   279 | D:1      | Reached skill level 5 in Spellcasting
   279 | D:1      | Reached XP level 3. HP: 20/31 MP: 7/9
   283 | D:1      | Learned a level 2 spell: Momentum Strike
   287 | D:1      | Learned a level 3 spell: Hailstorm
   616 | D:2      | Reached skill level 1 in Invocations
  1008 | D:2      | Reached skill level 1 in Short Blades
  1008 | D:2      | Reached skill level 1 in Long Blades
  1008 | D:2      | Reached skill level 1 in Maces & Flails
  1008 | D:2      | Reached skill level 1 in Polearms
  1008 | D:2      | Reached skill level 1 in Staves
  1008 | D:2      | Reached skill level 1 in Ranged Weapons
  1008 | D:2      | Reached skill level 1 in Throwing
  1008 | D:2      | Reached skill level 1 in Armour
  1008 | D:2      | Reached skill level 1 in Stealth
  1008 | D:2      | Reached skill level 1 in Shields
  1008 | D:2      | Reached skill level 1 in Unarmed Combat
  1008 | D:2      | Reached skill level 1 in Evocations
  1402 | D:2      | Identified a scroll of acquirement
  1403 | D:2      | Acquired the +1 hat of Histrionic Music {rN+ Regen+ Int+3}
  1677 | D:3      | Reached XP level 4. HP: 38/38 MP: 11/11
  1680 | D:3      | Learned a level 2 spell: Wereblood
  1887 | D:3      | Found a stormy altar of Qazlal.
  1934 | D:3      | Found a faded altar of an unknown god.
  1959 | D:3      | Noticed Robin
  1985 | D:3      | Killed Robin
  1986 | D:3      | Reached skill level 1 in Hexes
  1986 | D:3      | Reached skill level 1 in Summonings
  1986 | D:3      | Reached skill level 1 in Necromancy
  1986 | D:3      | Reached skill level 1 in Translocations
  1986 | D:3      | Reached skill level 1 in Transmutations
  1986 | D:3      | Reached skill level 1 in Fire Magic
  1986 | D:3      | Reached skill level 1 in Ice Magic
  1986 | D:3      | Reached skill level 1 in Air Magic
  1986 | D:3      | Reached skill level 1 in Earth Magic
  1986 | D:3      | Reached skill level 1 in Poison Magic
  2014 | D:3      | You fall into a shaft and drop 2 floors!
  2014 | D:5      | Entered Level 5 of the Dungeon
  2053 | D:5      | Noticed a black bear
  2067 | D:5      | Killed a black bear
  2068 | D:5      | Reached XP level 5. HP: 10/43 MP: 9/12
  2154 | D:5      | Reached XP level 6. HP: 33/50 MP: 13/13
  2160 | D:5      | HP: 1/50 [scorpion (3)]
  2161 | D:5      | Succumbed to a scorpion's poison

Illustrated notes

Levels and vault maps discovered:
D:1:      eino_arrival_cavern_b, layout_basic
D:2:      layout_basic
D:3:      layout_basic, nicolae_qazlal_scattered_showers,
          basic_ecumenical_altar, nicolae_hexahallways, serial_bayou_lagoon_b,
          uniq_robin
D:5:      layout_cave_pools, cheibrodos_sewer_entry_bend, dk_vineyard_1,
          grunt_ministairs_12, uniq_edmund

Skill      XL: |  1  2  3  4  5 |
---------------+----------------+-----
Spellcasting   | 5 |  5.3
Invocations    | 1 2 |  2.0
Short Blades   | 1 |  1.8
Long Blades    | 1 |  1.8
Maces & Flails | 1 |  1.8
Polearms       | 1 |  1.8
Staves         | 1 |  1.8
Ranged Weapons | 1 |  1.8
Throwing       | 1 |  1.8
Armour         | 1 |  1.8
Stealth        | 1 |  1.8
Shields        | 1 |  1.8
Unarmed Combat | 1 |  1.8
Evocations     | 1 |  1.8
Hexes          | 1 |  1.4
Summonings     | 1 |  1.4
Necromancy     | 1 |  1.4
Translocations | 1 |  1.4
Transmutations | 1 |  1.4
Fire Magic     | 1 |  1.4
Ice Magic      | 1 |  1.4
Air Magic      | 1 |  1.4
Earth Magic    | 1 |  1.4
Poison Magic   | 1 |  1.4
Fighting       | |  4.9
Axes           | |  6.8
Dodging        | |  4.9
Conjurations   | |  5.6

Action                     |  1- 3 |  4- 6 || total
---------------------------+-------+-------++-------
  Melee: Hand axe          |   140 |    73 ||   213
         Bite              |    12 |     4 ||    16
         Punch             |     2 |     1 ||     3
  Throw: Boomerang         |       |     3 ||     3
         Javelin           |       |     2 ||     2
   Cast: Momentum Strike   |       |     1 ||     1
    Use: Scroll            |     5 |     1 ||     6
         Potion            |     2 |       ||     2
   Stab: Sleeping          |     1 |     1 ||     2
 Armour: Leather armour    |    39 |    33 ||    72
  Dodge: Dodged            |    77 |    64 ||   141
